 Dungeon Crawl Stone Soup version 0.31-a0-233-g139696dc86 (webtiles) character file.

Game seed: 3895370567375042218

104 Shard1697 the Slasher (level 5, 0/26 (40) HPs)
             Began as a Djinni Reaver on July 8, 2023.
             Slain by a gnoll
             ... wielding a +0 spear
              (5 damage)
             ... on level 3 of the Dungeon.
             The game lasted 00:02:28 (1456 turns).

Shard1697 the Slasher (Djinni Reaver)               Turns: 1456, Time: 00:02:29

HP:   0/26 (40)     AC:  5    Str: 11    XL:     5   Next: 7%
Gold: 64            EV: 10    Int: 17    God:
                    SH:  0    Dex: 11

rFire   + + .        a - +0 long sword
rCold   . . .        (no shield)
rNeg    . . .        n - +0 ring mail {rC+}
rPois   ∞            (no helmet)
rElec   .            (no cloak)
rCorr   .            (no gloves)
SInv    .            (boots unavailable)
Will    .....        (no amulet)
Stlth   +            (no ring)
HPRegen 0.24/turn    (no ring)
MPRegen 0.00/turn

%: infuse magic (-1 HP)
@: flying, very slightly contaminated, very heavily drained
A: sickness immunity, fire resistance 2, cold vulnerability 1, float, innate
caster, HP casting, extra vitality 1
a: no special abilities


You were on level 3 of the Dungeon.
You visited 1 branch of the dungeon, and saw 3 of its levels.

You collected 64 gold pieces.

Inventory:

Hand Weapons
 a - a +0 long sword (weapon)
 b - a +0 rapier
Armour
 d - a +0 leather armour
 n - a +0 ring mail of cold resistance (worn)
Wands
 h - a wand of polymorph (14)
 m - a wand of iceblast (9)
 p - a wand of charming (12)
Scrolls
 e - 3 scrolls of identify {unknown}
 f - 2 scrolls of immolation {unknown}
 g - a scroll of enchant armour {unknown}
 i - 2 scrolls of teleportation {unknown}
 j - a scroll of torment {unknown}
 k - a scroll of revelation {unknown}
 l - a scroll of vulnerability {unknown}
 o - a scroll of noise {unknown}
 q - a scroll of blinking {unknown}
Potions
 c - 2 potions of curing {unknown}
 r - a potion of heal wounds {unknown}


   Skills:
 + Level 3.2 Fighting
 + Level 3.6 Long Blades
 - Level 2.1 Dodging
 + Level 3.3 Spellcasting
 + Level 3.3 Conjurations
 + Level 3.3 Hexes
   Level 0.0 Charms
 + Level 3.3 Summonings
 + Level 3.3 Necromancy
 + Level 3.3 Translocations
 + Level 3.3 Transmutations
 + Level 3.3 Fire Magic
 + Level 3.3 Ice Magic
 + Level 3.3 Air Magic
 + Level 3.3 Earth Magic
 + Level 3.3 Poison Magic


You knew the following spells:

 Your Spells              Type           Power      Damage    Failure   Level
a - Kiss of Death         Conj/Necr      56%        2d9       11%         1
b - Momentum Strike       Conj/Tloc      28%        3d8       16%         2
c - Hailstorm             Conj/Ice       14%        3d5       32%         3
d - Passwall              Tmut/Erth      11%        N/A       16%         2
t - Necrotise             Necr           56%        1d6       11%         1
Your spell library was empty.

Dungeon Overview and Level Annotations

Branches:
Dungeon (3/15)

Altars:


Innate Abilities, Weirdness & Mutations

You are immune to sickness and miasma.
You are immune to poison.
Your flesh is very heat resistant. (rF++)
You are vulnerable to cold. (rC-)
You float through the air rather than walking.
You learn spells naturally, not from books.
Your magical power is your life essence.
You have superior vitality. (+4 MHP)


Message History

A gnoll comes into view. It is wielding a +0 club.
There is a large open door here.
The gnoll hits you with a +0 spear.
Casting: Necrotise (safe; 11% risk of failure)
Confirm with . or Enter, or press ? or * to list all spells.
Aiming: Necrotise (safe; 11% risk of failure)
Press: ? - help, Shift-Dir - straight line, f - gnoll
Aim: a gnoll, wielding a +0 spear (chance to affect: 78%)
The gnoll writhes in agony.
The gnoll misses you.
Casting: Necrotise (safe; 11% risk of failure)
Confirm with . or Enter, or press ? or * to list all spells.
Aiming: Necrotise (safe; 11% risk of failure)
Press: ? - help, Shift-Dir - straight line, f/p - gnoll
Aim: a gnoll, wielding a +0 spear (lightly wounded, chance to affect: 78%)
The gnoll writhes in agony.
The gnoll hits you with a +0 spear.
Casting: Necrotise (safe; 11% risk of failure)
Confirm with . or Enter, or press ? or * to list all spells.
Aiming: Necrotise (safe; 11% risk of failure)
Press: ? - help, Shift-Dir - straight line, f/p - gnoll
Aim: a gnoll, wielding a +0 spear (heavily wounded, chance to affect: 78%)
You miscast Necrotise.
You are very lightly contaminated with residual magic.
Nothing appears to happen.
The gnoll closely misses you.
Casting: Necrotise (safe; 11% risk of failure)
Confirm with . or Enter, or press ? or * to list all spells.
Aiming: Necrotise (safe; 11% risk of failure)
Press: ? - help, Shift-Dir - straight line, f/p - gnoll
Aim: a gnoll, wielding a +0 spear (moderately wounded, chance to affect: 78%)
The gnoll writhes in agony.
The gnoll hits you with a +0 spear.
Casting: Necrotise (safe; 11% risk of failure)
Confirm with . or Enter, or press ? or * to list all spells.
Aiming: Necrotise (safe; 11% risk of failure)
Press: ? - help, Shift-Dir - straight line, f/p - gnoll
Aim: a gnoll, wielding a +0 spear (heavily wounded, chance to affect: 78%)
You miscast Necrotise.
Nothing appears to happen.
The gnoll shouts!
The gnoll hits you with a +0 spear!
* * * LOW HITPOINT WARNING * * *
The gnoll hits you from afar with a +0 spear.
You die...

....# #.# ##.##
#.# #.# #.#
#############.##
##........##....#
#.[........####.##
............###..#
.............###.#
..............##@#
...............#.#
...............#g#
.............†)#g#
$.........g..g.'g#
...............'.#
...............###
.g.............#
...............#


You could see 3 gnolls.

Vanquished Creatures
  Ijyb (D:3)
  3 adders
  A worm (D:2)
  2 dart slugs (D:3)
  An orc (D:3)
  6 endoplasms
  A giant cockroach (D:1)
  6 goblins
  3 hobgoblins
  2 jackals (D:1)
  3 kobolds
  3 quokkas
  2 ball pythons
  4 frilled lizards
  5 rats
43 creatures vanquished.

Vanquished Creatures (collateral kills)
  A rat (D:3)
1 creature vanquished.

Grand Total: 44 creatures vanquished

Notes
Turn   | Place    | Note
-------+----------+-------------------------------------------
     0 | D:1      | Shard1697 the Djinni Reaver began the quest for the Orb.
     0 | D:1      | Shard1697 set off with the following spells memorised: Kiss
                  | of Death, Momentum Strike, Hailstorm.
     0 | D:1      | Reached XP level 1. HP: 18/18 MP: 0/0
    74 | D:1      | Reached XP level 2. HP: 22/23 MP: 0/0
   375 | D:1      | Reached XP level 3. HP: 25/29 MP: 0/0
   375 | D:1      | Learned a level 1 spell: Necrotise
  1086 | D:3      | Reached XP level 4. HP: 34/34 MP: 0/0
  1106 | D:3      | Noticed Ijyb
  1123 | D:3      | Killed Ijyb
  1388 | D:3      | Reached XP level 5. HP: 20/26 MP: 0/0
  1388 | D:3      | Learned a level 2 spell: Passwall
  1456 | D:3      | Slain by a gnoll

Illustrated notes

Levels and vault maps discovered:
D:1:      dpeg_arrival_houses_and_road, layout_basic, minmay_pentomino_r2
D:2:      minmay_door_path, layout_rooms
D:3:      layout_basic, kennysheep_cross_room, uniq_ijyb

Skill      XL: |  1  2  3  4 |
---------------+-------------+-----
Long Blades    | 3 |  3.6
Spellcasting   | 3 |  3.3
Conjurations   | 3 |  3.3
Hexes          | 3 |  3.3
Summonings     | 3 |  3.3
Necromancy     | 3 |  3.3
Translocations | 3 |  3.3
Transmutations | 3 |  3.3
Fire Magic     | 3 |  3.3
Ice Magic      | 3 |  3.3
Air Magic      | 3 |  3.3
Earth Magic    | 3 |  3.3
Poison Magic   | 3 |  3.3
Fighting       | 3 |  3.2
Dodging        | |  2.1

Action                     |  1- 3 |  4- 6 || total
---------------------------+-------+-------++-------
  Melee: Falchion          |    71 |       ||    71
         Punch             |     1 |       ||     1
         Long sword        |    17 |    28 ||    45
   Cast: Necrotise         |     8 |     8 ||    16
         Kiss of Death     |       |     4 ||     4
   Stab: Sleeping          |     1 |       ||     1
 Armour: Leather armour    |    18 |     4 ||    22
         Ring mail         |       |     8 ||     8
  Dodge: Dodged            |    52 |    25 ||    77

Table legend: (Time is in decaauts)
 A = Elapsed time spent in this place.
 B = Non-inter-level travel time spent in this place.
 C = Inter-level travel time spent in this place.
 D = Time resting spent in this place.
 E = Time spent auto-exploring this place.
 F = Levels seen in this place.
 G = Mean time per level.
                   A        B        C        D        E       F      G
               +--------+--------+--------+--------+--------+-----+--------+
         Total |   1476 |   1455 |     21 |     50 |   1010 |   3 |  492.0 |
       Dungeon |   1476 |   1455 |     21 |     50 |   1010 |   3 |  492.0 |
               +--------+--------+--------+--------+--------+-----+--------+

Top non-repeatable levels by time:
     D:1: 561 daAuts
     D:2: 533 daAuts
     D:3: 381 daAuts
